 Dungeon Crawl Stone Soup version 0.32-a0-747-gc8563f6773 (webtiles) character file.

Game seed: 9782098263204028967

34 cforsyth the Firebug (level 3, -2/31 HPs)
             Began as a Mountain Dwarf Cinder Acolyte on Mar 18, 2024.
             Was a High Priest of Ignis.
             Slain by a gnoll
             ... wielding a +0 spear
              (9 damage)
             ... on level 2 of the Dungeon.
             The game lasted 00:02:00 (985 turns).

cforsyth the Firebug (Mountain Dwarf Cinder Acolyte) Turns: 985, Time: 00:02:02

Health: -2/31      AC:  2    Str: 18    XL:     3   Next: 14%
Magic:  3/5        EV: 10    Int: 14    God:    Ignis [*****.]
Gold:   54         SH:  0    Dex:  5    Spells: 2/4 levels left

rFire   + . .        a - +0 hand axe (flame)
rCold   . . .        (no shield)
rNeg    . . .        b - +0 robe
rPois   +            (no helmet)
rElec   .            (no cloak)
rCorr   .            (no gloves)
SInv    .            (no boots)
Will    .....        (no amulet)
Stlth   +            P - ring of poison resistance
HPRegen 0.25/turn    (no ring)
MPRegen 0.09/turn

%: no passive effects
@: no status effects
A: runic magic, artefact enchanting
a: Renounce Religion, Fiery Armour, Foxfire Swarm, Rising Flame


You were on level 2 of the Dungeon.
You worshipped Ignis.
Ignis was extremely pleased with you.
You visited 1 branch of the dungeon, and saw 2 of its levels.

You collected 54 gold pieces.


Innate Abilities, Weirdness & Mutations

Your spellcasting is much less encumbered by armour.
You can use scrolls of enchantment on lesser artefacts.


   Skills:
 + Level 3.6 Fighting
 + Level 4.0 Axes
 + Level 1.2 Armour
 + Level 1.4 Spellcasting
 + Level 4.0 Fire Magic


You had 2 spell levels left.
You knew the following spells:

 Your Spells              Type           Power      Damage    Failure   Level
X - Scorch                Fire           24%        2d6       8%          2

Your spell library contained the following spells:

 Spells                   Type           Power      Damage    Failure   Level


Inventory:

Hand Weapons
 a - a +0 hand axe of flaming (weapon)
Armour
 b - a +0 robe (worn)
Jewellery
 P - a ring of poison resistance (left hand)
Scrolls
 h - a scroll of acquirement {unknown}
Potions
 c - a potion of berserk rage {unknown}
 d - 3 potions of brilliance {unknown}
 e - 2 potions of lignification {unknown}
 f - a potion of ambrosia
 g - a potion of attraction {unknown}

Dungeon Overview and Level Annotations

Branches:
Dungeon (2/15)

Altars:

Shops:
D:1 [?* D:2

[ #.# # #.# ##.## #.# ###..#. #.#
## ....... ####.###. ...?g..
#........ .......### #.......#
..^$.....########## #.......#
...#####)..gg§g§@§#######.......#
##########§§..............
#################


You could see a gnoll (inner flame, combustible).


Message History

Okay, then.
Okay, then.
Okay, then.
As you read the scroll labelled QIUFUYNALL, it crumbles to dust.
It is a scroll of enchant weapon.
Your -1 hand axe of flaming glows red for a moment.
The gnoll hits you from afar with a +0 spear!
* * * LOW HITPOINT WARNING * * *
As you read the scroll labelled ESOAGG IVANT, it dissolves into smoke.
It was a scroll of fog.
The gnoll hits you from afar with a +0 spear.
* * * LOW HITPOINT WARNING * * *
Unknown command.
The gnoll hits you from afar with a +0 spear.
* * * LOW HITPOINT WARNING * * *
Okay, then.
You aren't carrying any items that you can evoke.
Unknown command.
As you read the scroll labelled CERAEH YCITREW, it crumbles to dust.
The creatures around you are filled with an inner flame!
It was a scroll of immolation.
The gnoll barely misses you.
Unknown command.
Casting: Scorch (safe; 8% risk of failure)
Confirm with . or Enter, or press ? or * to list all spells.
Flames lash the gnoll.
Flame seeps out of the gnoll.
The gnoll is heavily wounded.
The gnoll's fire resistance burns away.
The gnoll hits you from afar with a +0 spear!
You die...
Ignis goes out, and joins you in death.

Skill      XL: |  1  2 |
---------------+-------+-----
Armour         | 1 |  1.2
Axes           | 4 |  4.0
Fire Magic     | 4 |  4.0
Fighting       | |  3.6
Spellcasting   | |  1.4

Action                     || total
---------------------------++-------
  Melee: Hand axe          ||    68
   Cast: Scorch            ||     7
    Use: Scroll            ||     3
         Potion            ||     1
 Armour: Robe              ||    84
  Dodge: Dodged            ||    47

Levels and vault maps discovered:
D:1:      psy_arrival_terrarium, layout_rooms, serial_shops,
          nicolae_shop_just_a_little_nook, nicolae_shop_tiny_statue_garden,
          shop, minmay_splitting_lines
D:2:      layout_rooms, serial_shops, shop, uniq_jessica

Notes
Turn   | Place    | Note
-------+----------+-------------------------------------------
     0 | D:1      | cforsyth the Mountain Dwarf Cinder Acolyte began the quest
                  | for the Orb.
     0 | D:1      | Reached XP level 1. HP: 19/19 MP: 2/2
    56 | D:1      | Found Jyemi's Armour Shoppe.
   116 | D:1      | Found Namiewk's Assorted Antiques.
   276 | D:1      | Reached XP level 2. HP: 15/26 MP: 3/3
   283 | D:1      | Learned a level 2 spell: Scorch
   674 | D:1      | Found Uwafreh's Magic Scroll Shoppe.
   773 | D:2      | Reached skill level 1 in Armour
   798 | D:2      | Found Ventegis's Armour Boutique.
   802 | D:2      | Identified the +1 whip of Uncertain Death {freeze, rC-
                  | Dex+3 Stlth+}
   860 | D:2      | Reached skill level 4 in Axes
   860 | D:2      | Reached skill level 4 in Fire Magic
   860 | D:2      | Reached XP level 3. HP: 20/31 MP: 2/5
   969 | D:2      | HP: 3/31 [gnoll/+0 spear (7)]
   985 | D:2      | Slain by a gnoll

Vanquished Creatures
  An adder (D:2)
  A dart slug (D:1)
  2 bats (D:1)
  An endoplasm (D:1)
  2 goblins (D:1)
  2 hobgoblins (D:1)
  A quokka (D:1)
  5 ball pythons
  2 frilled lizards (D:1)
  3 kobolds
  3 rats
23 creatures vanquished.

Table legend: (Time is in decaauts)
 A = Elapsed time spent in this place.
 B = Non-inter-level travel time spent in this place.
 C = Inter-level travel time spent in this place.
 D = Time resting spent in this place.
 E = Time spent auto-exploring this place.
 F = Levels seen in this place.
 G = Mean time per level.
                   A        B        C        D        E       F      G
               +--------+--------+--------+--------+--------+-----+--------+
         Total |    992 |    979 |     13 |     44 |    727 |   2 |  496.0 |
       Dungeon |    992 |    979 |     13 |     44 |    727 |   2 |  496.0 |
               +--------+--------+--------+--------+--------+-----+--------+

Top non-repeatable levels by time:
     D:1: 770 daAuts
     D:2: 221 daAuts

Table legend:
 A = Non-vault XP
 B = Vault XP
 C = Vault XP percentage of total XP
 D = Non-vault monster count
 E = Vault monster count
 F = Vault count percentage of total count
                 A         B        C        D         E       F
            +---------+---------+-------+---------+---------+-------
      Total |      49 |       0 |   0.0 |      23 |       0 |   0.0
            +---------+---------+-------+---------+---------+-------
        D:1 |      28 |       0 |   0.0 |      17 |       0 |   0.0
        D:2 |      21 |       0 |   0.0 |       6 |       0 |   0.0
            +---------+---------+-------+---------+---------+-------
